 Dungeon Crawl Stone Soup version 0.23.2-1-ga50397a6bc (webtiles) character file.

Game seed: 2397899985454628956

410 Mrkan the Skirmisher (level 6, -1/51 HPs)
             Began as a Gnoll Wanderer on May 23, 2019.
             Slain by an orc wizard
             ... wielding a +0 dagger
              (6 damage)
             ... on level 4 of the Dungeon.
             The game lasted 00:08:46 (4335 turns).

Mrkan the Skirmisher (Gnoll Wanderer)               Turns: 4335, Time: 00:08:47

Health: -1/51      AC:  2    Str: 15    XL:     6   Next: 89%
Magic:  10/11      EV: 13    Int: 14    God:
Gold:   199        SH:  0    Dex: 16    Spells: 11/12 levels left

rFire    . . .     SeeInvis .   a - +0 quarterstaff
rCold    . . .     Gourm    .   (shield currently unavailable)
rNeg     . . .     Faith    .   d - +0 robe
rPois    .         Spirit   .   (no helmet)
rElec    .         Reflect  .   (no cloak)
rCorr    .         Harm     .   (no gloves)
MR       .....                  (no boots)
Stlth    ++........             (no amulet)
HPRegen  0.17/turn              (no ring)
MPRegen  0.12/turn              (no ring)

@: no status effects
A: distributed training, fangs 1, strong nose
a: no special abilities


You were on level 4 of the Dungeon.
You were not hungry.

You visited 1 branch of the dungeon, and saw 4 of its levels.

You collected 199 gold pieces.

Inventory:

Hand Weapons
 a - a +0 quarterstaff (weapon)
 r - a +0 whip of draining
 y - a +0 spear of freezing
Missiles
 o - 8 stones (quivered)
Armour
 d - a +0 robe (worn)
Jewellery
 g - a +1 ring of evasion {unknown}
 j - an uncursed amulet of faith {unknown}
 t - an uncursed ring of stealth {unknown}
Wands
 u - a wand of polymorph (1)
Scrolls
 h - 3 scrolls of remove curse {unknown}
 m - 3 scrolls of teleportation {unknown}
 p - a scroll of amnesia {unknown}
 s - 2 scrolls of magic mapping {unknown}
 w - a scroll of noise {unknown}
 x - a scroll of identify {unknown}
 A - a scroll of fear {unknown}
Potions
 b - 3 potions of flight {unknown}
 c - a potion of lignification
 e - a potion of haste {unknown}
 i - 2 potions of curing {unknown}
 k - a potion of resistance {unknown}
 l - a potion of degeneration {unknown}
 n - a potion of agility {unknown}
 q - a potion of ambrosia {unknown}
 v - a potion of cancellation {unknown}
Comestibles
 f - 3 rations
 z - 7 chunks of flesh


   Skills:
 + Level 5.0 Fighting
 + Level 2.1 Short Blades
 + Level 2.1 Long Blades
 + Level 2.1 Axes
 + Level 2.1 Maces & Flails
 + Level 2.1 Polearms
 + Level 2.1 Staves
 + Level 2.1 Slings
 + Level 2.1 Bows
 + Level 2.1 Crossbows
 + Level 2.1 Throwing
 + Level 2.1 Armour
 + Level 2.1 Dodging
 + Level 3.2 Stealth
 + Level 2.1 Shields
 + Level 3.3 Unarmed Combat
 + Level 3.5 Spellcasting
 + Level 1.6 Conjurations
 + Level 4.1 Hexes
 + Level 1.6 Charms
 + Level 1.6 Summonings
 + Level 1.6 Necromancy
 + Level 1.6 Translocations
 + Level 1.6 Transmutations
 + Level 1.6 Fire Magic
 + Level 1.6 Ice Magic
 + Level 1.6 Air Magic
 + Level 4.1 Earth Magic
 + Level 1.6 Poison Magic
 + Level 2.3 Invocations
 + Level 3.3 Evocations


You had 11 spell levels left.
You knew the following spells:

 Your Spells              Type           Power        Failure   Level  Hunger
a - Sandblast             Erth           ##....       3%          1    #......

Your spell library contained the following spells:

 Spells                   Type           Power        Failure   Level  Hunger
 Passwall                 Tmut/Erth      ##......     10%         2    ##.....
 Stone Arrow              Conj/Erth      ##....       19%         3    ###....
 Petrify                  Tmut/Erth      ##......     52%         4    #####..
 Lee's Rapid Deconstruct  Erth           ##........   71%         5    ######.


Dungeon Overview and Level Annotations

Branches:
Dungeon (4/15)
 Temple: D:4-7

Altars:
Sif Muna
Trog

Annotations:
D:4 Dowan, Duvessa


Innate Abilities, Weirdness & Mutations

Your experience applies equally to all skills.
You have very sharp teeth.
Your uncanny sense of smell can sniff out nearby items.


Message History

Something hits you but does no damage.
The orc priest invokes the aid of Beogh against you.
Something writhes in agony.
Something barely misses you.
You hear some strange, mumbled words.
A puff of frost appears from out of thin air!
The puff of frost hits you!
* * * LOW HITPOINT WARNING * * *
The orc priest miscasts a cantrip.
You hear some strange, mumbled words.
A puff of frost appears from out of thin air!
The puff of frost misses you.
The orc priest looks satisfied for a moment.
Something hits you.
* * * LOW HITPOINT WARNING * * *
An orc wizard appears from thin air!
Reactivating autopickup.
There is a stone staircase leading up here.
The orc wizard hits you with a +0 dagger.
You die...

#.........# ##....##....
...####..#######...[.....#. ∆
#....##.#....#.#<..#.
#.........)#####..#..
####........#####....
##.............##....
#....................
#....................
....##...@o...o......###.#
......Z.......##..÷..## ##
..............####.#..# ##
....#.##.....###....# #. ..
....#..###........#.....
#.......#....# #.##...####.###
#...... #....###.###.#####.###
#......##....##..##.....##.#..
............###..####.........


You could see an orc priest, an orc wizard and a bullfrog skeleton.

Vanquished Creatures
  An ogre (D:3)
  2 orc wizards (D:4)
  Natasha (twice) (D:2)
  Ijyb (D:4)
  A worker ant (D:4)
  4 gnolls
  6 adders
  An ooze (D:1)
  3 worms
  A dart slug (D:1)
  A leopard gecko (D:1)
  8 orcs
  4 bats
  2 giant cockroaches (D:2)
  5 goblins
  6 hobgoblins
  4 kobolds
  A quokka (D:4)
  4 frilled lizards
  A quokka skeleton (D:4)
  2 rats (D:1)
60 creatures vanquished.

Notes
Turn   | Place    | Note
-------+----------+-------------------------------------------
     0 | D:1      | Mrkan the Gnoll Wanderer began the quest for the Orb.
     0 | D:1      | Mrkan set off with the following items: a +0 quarterstaff,
                  | a potion of lignification, a +0 robe, a ration; and the
                  | following spell memorised: Sandblast; and the following
                  | spells available to memorise: Passwall, Stone Arrow,
                  | Petrify, Lee's Rapid Deconstruction
     0 | D:1      | Reached XP level 1. HP: 20/20 MP: 4/4
   209 | D:1      | Reached XP level 2. HP: 26/26 MP: 5/5
   572 | D:1      | Reached XP level 3. HP: 27/31 MP: 7/7
   853 | D:2      | Reached skill level 1 in Invocations
  1233 | D:2      | Noticed Natasha
  1236 | D:2      | Killed Natasha
  1236 | D:2      | Reached skill level 1 in Short Blades
  1236 | D:2      | Reached skill level 1 in Long Blades
  1236 | D:2      | Reached skill level 1 in Axes
  1236 | D:2      | Reached skill level 1 in Maces & Flails
  1236 | D:2      | Reached skill level 1 in Polearms
  1236 | D:2      | Reached skill level 1 in Staves
  1236 | D:2      | Reached skill level 1 in Slings
  1236 | D:2      | Reached skill level 1 in Bows
  1236 | D:2      | Reached skill level 1 in Crossbows
  1236 | D:2      | Reached skill level 1 in Throwing
  1236 | D:2      | Reached skill level 1 in Armour
  1236 | D:2      | Reached skill level 1 in Dodging
  1236 | D:2      | Reached skill level 1 in Shields
  1236 | D:2      | Reached XP level 4. HP: 38/38 MP: 4/8
  1330 | D:2      | Found a deep blue altar of Sif Muna.
  1450 | D:2      | Noticed Natasha
  1456 | D:2      | Killed Natasha
  1456 | D:2      | Reached skill level 1 in Conjurations
  1456 | D:2      | Reached skill level 1 in Charms
  1456 | D:2      | Reached skill level 1 in Summonings
  1456 | D:2      | Reached skill level 1 in Necromancy
  1456 | D:2      | Reached skill level 1 in Translocations
  1456 | D:2      | Reached skill level 1 in Transmutations
  1456 | D:2      | Reached skill level 1 in Fire Magic
  1456 | D:2      | Reached skill level 1 in Ice Magic
  1456 | D:2      | Reached skill level 1 in Air Magic
  1456 | D:2      | Reached skill level 1 in Poison Magic
  2597 | D:3      | Reached XP level 5. HP: 40/43 MP: 5/9
  2863 | D:3      | Found a bloodstained altar of Trog.
  3209 | D:4      | Noticed an ogre
  3241 | D:4      | Noticed Ijyb
  3367 | D:3      | Killed an ogre
  3367 | D:3      | Reached XP level 6. HP: 16/50 MP: 6/11
  3843 | D:4      | Killed Ijyb
  3894 | D:4      | Reached skill level 5 in Fighting
  4266 | D:4      | Noticed Duvessa
  4266 | D:4      | Noticed Dowan
  4335 | D:4      | Slain by an orc wizard

Skill      XL: |  1  2  3  4  5  6 |
---------------+-------------------+-----
Invocations    | 1 2 |  2.3
Short Blades   | 1 2 |  2.1
Long Blades    | 1 2 |  2.1
Axes           | 1 2 |  2.1
Maces & Flails | 1 2 |  2.1
Polearms       | 1 2 |  2.1
Staves         | 1 2 |  2.1
Slings         | 1 2 |  2.1
Bows           | 1 2 |  2.1
Crossbows      | 1 2 |  2.1
Throwing       | 1 2 |  2.1
Armour         | 1 2 |  2.1
Dodging        | 1 2 |  2.1
Shields        | 1 2 |  2.1
Spellcasting   | 3 |  3.5
Conjurations   | 1 |  1.6
Charms         | 1 |  1.6
Summonings     | 1 |  1.6
Necromancy     | 1 |  1.6
Translocations | 1 |  1.6
Transmutations | 1 |  1.6
Fire Magic     | 1 |  1.6
Ice Magic      | 1 |  1.6
Air Magic      | 1 |  1.6
Poison Magic   | 1 |  1.6
Unarmed Combat | 3 |  3.3
Evocations     | 3 |  3.3
Stealth        | 3 |  3.2
Hexes          | 4 |  4.1
Earth Magic    | 4 |  4.1
Fighting       | 5 |  5.0

Action                   |  1- 3 |  4- 6 || total
-------------------------+-------+-------++-------
Melee: Quarterstaff      |    65 |    78 ||   143
       Bite              |     6 |     2 ||     8
       Unarmed           |       |     2 ||     2
 Cast: Sandblast         |    11 |    54 ||    65
 Stab: Sleeping          |     3 |       ||     3
  Eat: Chunk             |     1 |     7 ||     8
       Ration            |       |     1 ||     1
Armor: Robe              |    19 |     8 ||    27
       Skin              |       |    10 ||    10
Dodge: Dodged            |    48 |    61 ||   109
